 Dungeon Crawl Stone Soup version 0.28-a0-429-g1448048969 (webtiles) character file.

Game seed: 15226077563103490213

1122 porpoise the Conjurer (level 8, 0/41 HPs)
             Began as a Deep Elf Conjurer on Sept 11, 2021.
             Slain by an orc warrior (13 damage)
             ... on level 5 of the Dungeon on Sept 12, 2021.
             The game lasted 00:22:10 (5614 turns).

porpoise the Conjurer (Deep Elf Conjurer)           Turns: 5614, Time: 00:22:11

Health: 0/41       AC:  2    Str:  4    XL:     8   Next: 12%
Magic:  18/18      EV: 12    Int: 26    God:
Gold:   163        SH:  0    Dex: 13    Spells: 7/18 levels left

rFire   . . .      SeeInvis .   a - +2 dagger (venom)
rCold   . . .      Faith    .   (no shield)
rNeg    . . .      Spirit   .   b - +0 robe
rPois   .          Reflect  .   (no helmet)
rElec   .          Harm     .   (no cloak)
rCorr   .          Rampage  .   (no gloves)
Will    .....                   (no boots)
Stlth   ++........              (no amulet)
HPRegen 0.13/turn               n - ring of wizardry
MPRegen 0.16/turn               (no ring)

@: no status effects
A: no striking features
a: no special abilities


You were on level 5 of the Dungeon.
You visited 1 branch of the dungeon, and saw 5 of its levels.

You collected 163 gold pieces.

Inventory:

Hand Weapons
 a - a +2 dagger of venom (weapon)
Missiles
 e - 5 javelins
 f - 130 stones
 i - 37 bolts
 l - 7 boomerangs (quivered)
 t - 15 poisoned darts
 u - 19 sling bullets
Armour
 b - a +0 robe (worn)
Jewellery
 j - a ring of ice
 n - a ring of wizardry (left hand)
Wands
 p - a wand of mindburst (9)
Scrolls
 d - a scroll of brand weapon {unknown}
 h - a scroll of silence {unknown}
 k - 2 scrolls of teleportation
 r - a scroll of enchant armour {unknown}
 s - a scroll of noise {unknown}
Potions
 c - a potion of heal wounds
 g - 2 potions of curing
 m - 2 potions of berserk rage
 q - a potion of cancellation {unknown}


   Skills:
 - Level 2.4 Dodging
 - Level 2.4 Stealth
 + Level 5.9 Spellcasting
 - Level 7.0 Conjurations
 - Level 7.0 Hexes
 - Level 5.0 Translocations


You had 7 spell levels left.
You knew the following spells:

 Your Spells              Type           Power      Damage    Failure   Level
a - Magic Dart            Conj           100%       1d8       1%          1
b - Searing Ray           Conj           88%        2d7       1%          2
c - Fulminant Prism       Conj/Hex       22%        3d13      1%          4
d - Iskenderun's Mystic   Conj/Tloc      38%        2d9       2%          4

Your spell library contained the following spells:

 Spells                   Type           Power      Damage    Failure   Level
 Dazzling Flash           Conj/Hex       88%        N/A       1%          3
 Passwall                 Tmut/Erth      5%         N/A       4%          2
 Freezing Cloud           Conj/Ice/Air   9%         6-21      28%         5
 Simulacrum               Ice/Necr       3%         N/A       98%         6
 Infestation              Necr           3%         N/A       100%        8
 Lehudib's Crystal Spear  Conj/Erth      12%        10d4      100%        8
 Polar Vortex             Ice            3%         N/A       100%        9


Dungeon Overview and Level Annotations

Branches:
Dungeon (5/15)
 Temple: D:4-7

Altars:

Shops:
D:4 *


Message History

Press: ? - help, Shift-Dir - straight line, f/p - water moccasin zombie
Aim: a water moccasin zombie (82% to hit)
The searing ray hits the water moccasin zombie!
The water moccasin zombie is moderately damaged. (Press . to maintain the ray.)
The orc warrior shouts!
The searing ray hits the water moccasin zombie.
The water moccasin zombie is moderately damaged.
The searing ray hits the water moccasin zombie!
The water moccasin zombie is heavily damaged.
An orc comes into view. It is wielding a +0 dagger.
The water moccasin zombie bites you.
The searing ray hits the water moccasin zombie.
The water moccasin zombie is severely damaged.
You finish channelling your searing ray.
The water moccasin zombie bites you.
An orc wizard comes into view. It is wielding a +0 dagger.
The orc wizard shouts!
You hear a shout!
The water moccasin zombie bites you but does no damage.
The water moccasin zombie barely misses you.
An orc comes into view.
It is wielding a +0 flail of holy wrath.
There is a stone staircase leading up here.
The water moccasin zombie barely misses you.
You climb upwards.
There is a stone staircase leading down here.
You start resting.
Magic restored.
You start resting.
HP restored.
You climb downwards.
The orc wizard gestures wildly while chanting.
The orc wizard flickers and vanishes!
Deactivating autopickup; reactivate with Ctrl-A.
The orc warrior hits you with a +0 mace.
The water moccasin zombie bites you!
The orc warrior hits you with a +0 mace!
The water moccasin zombie completely misses you.
There is a stone staircase leading up, spattered with blood here.
The orc warrior hits you with a +0 mace!
You die...

....... ###....
... ... .......
....... .. ....
....... .. ....
....... .#.....
.......#.#....#
#..............
#...?)......
#...o..#
#.[.@.##
......Z#.o#
..#..## ..o.. .
##. ....... .
....... #
....... #......
#.....


You could see an orc warrior, 2 orcs and a water moccasin zombie.

Vanquished Creatures
  Duvessa (D:4)
  3 ogres
  A kobold brigand (D:3)
  Dowan (D:4)
  A water moccasin skeleton (D:5)
  A centaur zombie (D:4)
  A gnoll shaman (D:5)
  A jelly (D:4)
  A hound (D:4)
  An orc priest (D:3)
  Ijyb (D:3)
  A bullfrog skeleton (D:4)
  Natasha (D:1)
  2 iguanas
  4 orc wizards
  6 gnolls
  A howler monkey skeleton (D:5)
  5 adders
  An ufetubus (D:4)
  2 dart slugs
  9 orcs
  3 bats
  4 endoplasms
  6 giant cockroaches
  9 goblins
  8 hobgoblins
  2 jackals (D:1)
  11 kobolds
  6 quokkas
  5 ball pythons
  2 frilled lizards
  3 rats
104 creatures vanquished.

Vanquished Creatures (others)
  8 fulminant prisms
  4 plants (D:3)
12 creatures vanquished.

Grand Total: 116 creatures vanquished

Notes
Turn   | Place    | Note
-------+----------+-------------------------------------------
     0 | D:1      | porpoise the Deep Elf Conjurer began the quest for the Orb.
     0 | D:1      | Reached XP level 1. HP: 10/10 MP: 6/6
   230 | D:1      | Reached XP level 2. HP: 13/15 MP: 2/8
   267 | D:1      | Learned a level 2 spell: Searing Ray
   644 | D:1      | Reached skill level 5 in Conjurations
   710 | D:1      | Reached XP level 3. HP: 19/19 MP: 7/10
  1308 | D:2      | Noticed Natasha
  1317 | D:1      | Killed Natasha
  1318 | D:1      | Reached XP level 4. HP: 13/24 MP: 4/12
  1668 | D:2      | You fall into a shaft and drop 1 floor!
  1672 | D:3      | Reached skill level 5 in Spellcasting
  1855 | D:3      | Learned a level 4 spell: Fulminant Prism
  1860 | D:3      | Learned a level 4 spell: Iskenderun's Mystic Blast
  1977 | D:3      | Reached XP level 5. HP: 28/28 MP: 2/14
  2087 | D:3      | Reached skill level 1 in Hexes
  2472 | D:3      | Found a faded altar of an unknown god.
  2516 | D:3      | Noticed Ijyb
  2525 | D:3      | Killed Ijyb
  2946 | D:3      | Reached XP level 6. HP: 15/32 MP: 6/15
  3627 | D:4      | Reached skill level 5 in Hexes
  3627 | D:4      | Reached skill level 1 in Translocations
  3707 | D:4      | Reached XP level 7. HP: 36/36 MP: 12/16
  3872 | D:4      | Noticed Duvessa
  3878 | D:4      | Killed Duvessa
  3882 | D:4      | Noticed Dowan
  3896 | D:4      | Killed Dowan
  4128 | D:4      | Found Upetreef's General Store.
  4350 | D:4      | Got the Tome of the Lethal Rocks
  4980 | D:5      | Entered Level 5 of the Dungeon
  5381 | D:5      | Reached skill level 5 in Translocations
  5381 | D:5      | Reached XP level 8. HP: 41/41 MP: 10/18
  5614 | D:5      | Slain by an orc warrior

Illustrated notes

Levels and vault maps discovered:
D:1:      dpeg_arrival_pits, layout_basic, minmay_tall_x
D:2:      layout_rooms, serial_shops, shop, uniq_natasha
D:3:      cheibrodos_thug_alley, layout_rooms,
          shapermc_ecumenical_altar_mp_vishouse, serial_bayou_lagoon_a,
          uniq_ijyb
D:4:      layout_basic, serial_shops, shop, minmay_misc_feat_x, uniq_duvessa
D:5:      layout_cave_pools, beargit_hepliaklqana_dungeon_heroes,
          kennysheep_generic_room_5

Skill      XL: |  1  2  3  4  5  6  7 |
---------------+----------------------+-----
Spellcasting   | 4 5 |  5.9
Conjurations   | 5 6 7 |  7.0
Hexes          | 3 5 7 |  7.0
Translocations | 2 5 |  5.0
Dodging        | |  2.4
Stealth        | |  2.4

Action                   |  1- 3 |  4- 6 |  7- 9 || total
-------------------------+-------+-------+-------++-------
Melee: Dagger            |     3 |       |     1 ||     4
Throw: Boomerang         |       |     7 |     5 ||    12
       Dart              |       |     9 |       ||     9
 Cast: Magic Dart        |    64 |     7 |     7 ||    78
       Searing Ray       |     5 |    37 |    14 ||    56
       Fulminant Prism   |       |     2 |     6 ||     8
       Iskenderun's Myst |       |       |     9 ||     9
Evoke: Wand              |       |       |     2 ||     2
  Use: Scroll            |       |     5 |       ||     5
 Stab: Sleeping          |       |       |     1 ||     1
Armor: Robe              |       |     3 |     2 ||     5
Dodge: Dodged            |     7 |    13 |    10 ||    30

Table legend: (Time is in decaauts)
 A = Elapsed time spent in this place.
 B = Non-inter-level travel time spent in this place.
 C = Inter-level travel time spent in this place.
 D = Time resting spent in this place.
 E = Time spent auto-exploring this place.
 F = Levels seen in this place.
 G = Mean time per level.
                   A        B        C        D        E       F      G
               +--------+--------+--------+--------+--------+-----+--------+
         Total |   5637 |   5405 |    232 |   3166 |   1567 |   5 | 1127.4 |
       Dungeon |   5637 |   5405 |    232 |   3166 |   1567 |   5 | 1127.4 |
               +--------+--------+--------+--------+--------+-----+--------+

Top non-repeatable levels by time:
     D:4: 2105 daAuts
     D:3: 1794 daAuts
     D:1: 1396 daAuts
     D:2: 280 daAuts
     D:5: 61 daAuts
